 Dungeon Sprint DCSS version 0.19-a0-872-g3103843 (webtiles) character file.

576 LORDOFBUTT the Protected (level 7, -4/73 HPs)
             Began as a Minotaur Fighter on July 4, 2016.
             Was an Initiate of Gozag.
             Slain by a troll (11 damage)
             ... in the Dungeon (Sprint IX: "|||||||||||||||||||||||||||||").
             The game lasted 00:02:48 (493 turns).

LORDOFBUTT the Protected (Minotaur Fighter)          Turns: 493, Time: 00:02:48

Health: -4/73      AC: 15    Str: 21    XL:     7   Next: 12%
Magic:  6/6        EV: 15    Int:  5    God:    Gozag
Gold:   37         SH:  0    Dex: 14    Spells: 0 memorised, 6 levels left

rFire  . . .     SeeInvis .     s - +2 dire flail (protect)
rCold  . . .     Gourm    .     b - +0 scale mail
rNeg   . . .     Faith    .     (shield currently unavailable)
rPois  .         Spirit   .     (helmet restricted)
rElec  .         Dismiss  .     (no cloak)
rCorr  .         Reflect  .     r - +0 pair of gloves
SustAt .         Harm     .     (no boots)
MR     .....     NoTele   +     (no amulet)
Stlth  ..........               q - +2 ring of evasion
                                p - +3 ring of dexterity

@: exhausted, gold aura, slowed, very slow, not resistant to hostile
enchantments, extremely unstealthy
A: retaliatory headbutt, horns 2
a: Potion Petition, Call Merchant, Bribe Branch, Renounce Religion


You were in the Dungeon.
You worshipped Gozag.
Gozag was noncommittal.
You were not hungry.

You visited 1 branch You collected 37 gold pieces.

Inventory:

Hand Weapons
 s - a +2 dire flail of protection (weapon)
Armour
 b - a +0 scale mail (worn)
 r - a +0 pair of gloves (worn)
Jewellery
 p - a +3 ring of dexterity (left hand)
 q - a +2 ring of evasion (right hand)
Wands
 o - a wand of iceblast (7/15)
Scrolls
 k - 2 scrolls of blinking
 m - 3 scrolls of remove curse
 n - 2 scrolls of amnesia
Potions
 d - a potion of might
 e - 3 potions of curing
 g - 2 potions of heal wounds
 h - a potion of haste
 i - 4 potions of magic
 l - a potion of invisibility
Comestibles
 f - a bread ration


   Skills:
 + Level 10.5 Fighting
 + Level 8.6 Maces & Flails
 + Level 11.3 Armour
 + Level 5.0 Dodging
 + Level 1.2 Stealth
   Level 5.3 Shields


You had 6 spell levels left.
You didn't know any spells.

Dungeon Overview and Level Annotations

Branches:
Dungeon (1/1)

Altars:
Cheibriados
Dithmenos
Elyvilon
Fedhas
Gozag
Hepliaklqana
Kikubaaqudgha
Makhleb
Nemelex Xobeh
Okawaru
Pakellas
Qazlal
Ru
Sif Muna
Trog
Uskayaw
Vehumet
Xom
Yredelemnul
Zin
The Shining One
Beogh
Jiyva
Lugonu


Innate Abilities, Weirdness & Mutations

You reflexively headbutt those who attack you in melee.
You have a pair of horns on your head.


Message History

You are too injured to fight recklessly!
You are too injured to fight recklessly!
You feel much better. The troll closely misses you. You furiously retaliate!
You headbutt the troll. The troll claws you! The troll claws you.
You puncture the troll!
The troll is heavily wounded.
The troll bites you but does no damage. The troll barely misses you. x2
You hit the troll.
The troll is heavily wounded.
The troll bites you!
* * * LOW HITPOINT WARNING * * *
The troll claws you!
* * * LOW HITPOINT WARNING * * *
The troll misses you. The troll closely misses you.
The troll completely misses you. The troll closely misses you.
Items here: $ ( ) [ 6 gold pieces; a dagger; 4 tomahawks; a ring mail The troll barely misses you.
The troll claws you!
You die...
Your body crumbles into a pile of gold. ▓▓▓▓▓▓▓▓▓▓▓▓▓▓▓▓▓▓▓▓▓▓▓ +..$.T@$....).'..[.()|. ▓▓▓▓▓▓▓▓▓▓▓▓▓▓▓▓▓▓▓▓▓▓▓ $$$$$ $ $ $ $$$

You could see a troll.

Vanquished Creatures
  A slime creature (D)
  A mottled dragon (D)
  A sky beast (D)
  A killer bee (D)
  2 hounds (D)
  2 worker ants (D)
  An adder (D)
  4 orcs (D)
  2 giant cockroaches (D)
  A hobgoblin (D)
  A bat (D)
  A giant cockroach zombie (D)
  2 giant newts (D)
  A jackal skeleton (D)
21 creatures vanquished.

Notes
Turn   | Place    | Note
-------+----------+-------------------------------------------
     0 | D        | LORDOFBUTT the Minotaur Fighter began the quest for the Orb.
     0 | D        | Reached XP level 1. HP: 19/19 MP: 0/0
    11 | D        | Reached skill level 4 in Armour
    24 | D        | Noticed a worker ant
    32 | D        | Reached XP level 2. HP: 25/28 MP: 1/1
    42 | D        | Reached skill level 5 in Fighting
    42 | D        | Reached skill level 5 in Armour
    42 | D        | Reached skill level 5 in Shields
    42 | D        | Reached XP level 3. HP: 23/36 MP: 2/2
   205 | D        | Found a glowing silver altar of Zin.
   205 | D        | Found a glowing golden altar of the Shining One.
   205 | D        | Found an ancient bone altar of Kikubaaqudgha.
   205 | D        | Found a basalt altar of Yredelemnul.
   205 | D        | Found a shimmering altar of Xom.
   205 | D        | Found a radiant altar of Vehumet.
   206 | D        | Found an iron altar of Okawaru.
   207 | D        | Found a burning altar of Makhleb.
   208 | D        | Found a deep blue altar of Sif Muna.
   209 | D        | Found a bloodstained altar of Trog.
   210 | D        | Found a sparkling altar of Nemelex Xobeh.
   211 | D        | Found a white marble altar of Elyvilon.
   212 | D        | Found a roughly hewn altar of Beogh.
   213 | D        | Found a viscous altar of Jiyva.
   214 | D        | Found a corrupted altar of Lugonu.
   215 | D        | Found a blossoming altar of Fedhas.
   216 | D        | Found a snail-covered altar of Cheibriados.
   217 | D        | Found a shadowy altar of Dithmenos.
   218 | D        | Found a stormy altar of Qazlal.
   219 | D        | Found an opulent altar of Gozag.
   220 | D        | Found a sacrificial altar of Ru.
   221 | D        | Found an oddly glowing altar of Pakellas.
   222 | D        | Found a hide-covered altar of Uskayaw.
   223 | D        | Found a hazy altar of Hepliaklqana.
   227 | D        | Became a worshipper of Gozag Ym Sagoz the Greedy
   277 | D        | Noticed a killer bee
   294 | D        | Killed a killer bee
   294 | D        | Reached skill level 6 in Armour
   294 | D        | Reached skill level 1 in Dodging
   294 | D        | Reached XP level 4. HP: 20/44 MP: 3/3
   295 | D        | Reached skill level 7 in Armour
   298 | D        | Reached skill level 5 in Maces & Flails
   306 | D        | Reached skill level 8 in Armour
   306 | D        | Reached XP level 5. HP: 25/52 MP: 4/4
   464 | D        | Noticed a troll
   464 | D        | Noticed a sky beast
   464 | D        | Noticed a mottled dragon
   464 | D        | Noticed a slime creature
   468 | D        | Killed a slime creature
   468 | D        | Reached skill level 10 in Armour
   468 | D        | Reached XP level 6. HP: 64/64 MP: 5/5
   471 | D        | Killed a mottled dragon
   471 | D        | Reached skill level 10 in Fighting
   471 | D        | Reached skill level 1 in Stealth
   474 | D        | Reached skill level 11 in Armour
   486 | D        | Killed a sky beast
   486 | D        | Reached skill level 5 in Dodging
   486 | D        | Reached XP level 7. HP: 43/73 MP: 6/6
   493 | D        | Slain by a troll

Vault maps used:
D:        linesprint

Skill      XL: |  1  2  3  4  5  6 |
---------------+-------------------+-----
Armour         | 4 5 6 8 10 11 | 11.3
Fighting       | 4 5 6 7 9 10 | 10.5
Maces & Flails | 3 4 5 7 8 |  8.6
Shields        | 4 5 |  5.3
Dodging        | 1 2 4 5 |  5.0
Stealth        | 1 |  1.2

Action                   |  1- 3 |  4- 6 |  7- 9 || total
-------------------------+-------+-------+-------++-------
Melee: Flail             |    32 |       |       ||    32
       Headbutt          |     5 |     7 |     1 ||    13
       Dire flail        |    15 |    27 |     4 ||    46
  Use: Potion            |     2 |     1 |     1 ||     4
Armor: Scale mail        |    26 |    15 |     2 ||    43
Dodge: Dodged            |    20 |    11 |    12 ||    43
Block: Shield            |    11 |       |       ||    11
